 Dungeon Crawl Stone Soup version 0.19-a0-1888-g6ba2374 (webtiles) character file.

312 Eniamerus the Covert (level 6, -1/30 HPs)
             Began as a Spriggan Assassin on Oct 17, 2016.
             Slain by a scorpion (10 damage)
             ... in an ossuary.
             The game lasted 00:11:38 (5877 turns).

Eniamerus the Covert (Spriggan Assassin)            Turns: 5877, Time: 00:11:38

Health: -1/30      AC:  6    Str:  7    XL:     6   Next: 18%
Magic:  7/7        EV: 17    Int: 12    God:
Gold:   212        SH:  0    Dex: 22    Spells: 0 memorised, 5 levels left

rFire  . . .     SeeInvis +     a - +2 dagger
rCold  + . .     Gourm    .     f - +2 robe {rC+}
rNeg   . . .     Faith    .     (shield restricted)
rPois  .         Spirit   .     (helmet restricted)
rElec  .         Dismiss  .     d - +1 cloak
rCorr  .         Reflect  .     (gloves unavailable)
MR     +....     Harm     .     (boots unavailable)
Stlth  +++++.....               (no amulet)
                                (no ring)
                                i - +2 ring of dexterity

@: lethally poisoned (-1 -> -11), very quick
A: unfitting armour, see invisible, herbivore 3, speed 3, slow metabolism 2
a: no special abilities


You were in an ossuary.
You were full.

You visited 1 branch of the dungeon, and saw 4 of its levels.
You also visited: Ossuary.

You collected 212 gold pieces.

Inventory:

Hand Weapons
 a - a +2 dagger (weapon)
 b - a +1 blowgun
Missiles
 e - 56 poisoned needles
 p - a curare-tipped needle
Armour
 c - a +0 robe
 d - a +1 cloak (worn)
 f - a +2 robe of cold resistance (worn)
Jewellery
 i - a +2 ring of dexterity (left hand)
Scrolls
 j - 5 scrolls of identify
 l - 2 scrolls of teleportation
Potions
 h - 2 potions of flight
 k - a potion of haste
 m - a potion of agility
Comestibles
 g - 3 bread rations


   Skills:
 - Level 1.5 Fighting
 - Level 2.1 Short Blades
 - Level 2.0 Throwing
 - Level 1.5 Dodging
 + Level 11.2 Stealth


You had 5 spell levels left.
You didn't know any spells.

Dungeon Overview and Level Annotations

Branches:
Dungeon (4/15)
 Temple: D:4-7

Altars:


Innate Abilities, Weirdness & Mutations

You are very small and have problems with some larger weapons.
You are too small for most types of armour.
You have supernaturally acute eyesight. (SInv)
You are a herbivore.
You cover ground extremely quickly.
You need consume almost no food.


Message History

The scorpion is heavily wounded.
You closely miss the scorpion.
The scorpion is heavily wounded.
The scorpion closely misses you.
You barely miss the scorpion.
The scorpion is heavily wounded.
The scorpion stings you.
You hit the scorpion but do no damage.
The scorpion is heavily wounded.
The scorpion stings you.
You are lethally poisoned!
The scorpion poisons you!
You hit the scorpion but do no damage.
The scorpion is heavily wounded.
You feel sick. The scorpion completely misses you.
You hit the scorpion but do no damage.
The scorpion is heavily wounded.
* * * LOW HITPOINT WARNING * * *
You feel sick. The scorpion stings you!
You die...

##########+##
#...#..s#...#
#...8...#?.?#
#.......#M??#
##8...8######
#.......#...#
#...8...s^..#
#...#...#@^^#
##+ ######'##
#...#...#
#...8...#
#.......#
##8...8##
#.......#
#...8...#
#...#...#


You could see a mummy and a scorpion.

Vanquished Creatures
  A scorpion (Ossuary)
  An orc priest (D:3)
  An orc wizard (D:3)
  Jessica (D:2)
  3 scorpion zombies (Ossuary)
  4 adders (D:2)
  3 oozes
  2 worms (D:2)
  3 dart slugs
  7 leopard geckos
  An orc (D:3)
  11 bats
  3 giant cockroaches
  A gnoll zombie (Ossuary)
  6 goblins (D:1)
  10 hobgoblins
  9 jackals (D:1)
  4 quokkas
  5 frilled lizards
  A goblin zombie (D:4)
  6 kobolds
  A kobold zombie (Ossuary)
  An orc zombie (Ossuary)
  A quokka zombie (D:4)
  3 rats
89 creatures vanquished.

Notes
Turn   | Place    | Note
-------+----------+-------------------------------------------
     0 | D:1      | Eniamerus the Spriggan Assassin began the quest for the Orb.
     0 | D:1      | Reached XP level 1. HP: 10/10 MP: 2/2
    17 | D:1      | Reached skill level 6 in Stealth
   535 | D:1      | Reached XP level 2. HP: 10/14 MP: 3/3
   793 | D:1      | Reached skill level 7 in Stealth
  1395 | D:1      | Reached XP level 3. HP: 10/18 MP: 4/4
  1992 | D:1      | Reached skill level 8 in Stealth
  2450 | D:2      | Reached XP level 4. HP: 22/22 MP: 5/5
  2894 | D:2      | Noticed Jessica
  2897 | D:2      | Killed Jessica
  2897 | D:2      | Reached skill level 9 in Stealth
  3443 | D:2      | Reached XP level 5. HP: 24/25 MP: 6/6
  4099 | D:3      | Reached skill level 10 in Stealth
  5292 | D:4      | Found a sand-covered staircase.
  5322 | Ossuary  | Entered an ossuary
  5341 | Ossuary  | Reached skill level 11 in Stealth
  5341 | Ossuary  | Reached XP level 6. HP: 30/30 MP: 7/7
  5877 | Ossuary  | Slain by a scorpion

Vault maps used:
D:1:      dpeg_arrival_court, roderic_lattice_a, grunt_decor_mini_mirrors,
          minmay_misc_feat_rows, minmay_heptomino_w4
D:2:      first_bread, kennysheep_generic_room_8, uniq_jessica
D:4:      enter_ossuary_4, uniq_grinder, uniq_robin
Ossuary:  ossuary_minmay_scorpions

Skill      XL: |  1  2  3  4  5 |
---------------+----------------+-----
Stealth        | 6 7 8 9 11 | 11.2
Fighting       | |  1.5
Short Blades   | |  2.1
Throwing       | |  2.0
Dodging        | |  1.5

Action                   |  1- 3 |  4- 6 || total
-------------------------+-------+-------++-------
Melee: Dagger            |   193 |   265 ||   458
 Fire: Blowgun           |       |    15 ||    15
  Use: Scroll            |       |    11 ||    11
       Potion            |       |     1 ||     1
 Stab: Sleeping          |    10 |    11 ||    21
       Distracted        |       |     1 ||     1
  Eat: Pizza             |       |     1 ||     1
       Bread ration      |       |     1 ||     1
Armor: Robe              |    29 |    36 ||    65
Dodge: Dodged            |   165 |   181 ||   346
